 Dungeon Crawl Stone Soup version 0.31.0-11-ge490571c62 (webtiles) character file.

Game seed: 14263539287763568401

86 qw the Shooter (level 4, -2/22 HPs)
             Began as a Spriggan Hunter on Feb 4, 2024.
             Incinerated by a bombardier beetle (4 damage)
             ... with a burning spray
             ... on level 3 of the Dungeon.
             The game lasted 00:00:06 (1891 turns).

qw the Shooter (Spriggan Hunter)                    Turns: 1891, Time: 00:00:07

Health: -2/22      AC:  2    Str:  5 (7)  XL:     4   Next: 27%
Magic:  0/5        EV: 19    Int:  7 (10) God:
Gold:   183        SH:  0    Dex: 19 (20) Spells: 3/3 levels left

rFire   . . .        a - +0 shortbow (flame)
rCold   . . .        (shield currently unavailable)
rNeg    . . .        c - +0 robe
rPois   .            (helmet restricted)
rElec   .            (no cloak)
rCorr   .            (gloves unavailable)
SInv    +            (boots unavailable)
Will    .....        i - amulet of guardian spirit
Stlth   +            (no ring)
HPRegen 0.23/turn    (no ring)
MPRegen 0.09/turn

%: guardian spirit
@: on fire, glowing, very quick
A: very small, no large weapons, unfitting armour, see invisible, speed 3
a: no special abilities


You were on level 3 of the Dungeon.
You visited 1 branch of the dungeon, and saw 3 of its levels.

You collected 183 gold pieces.


Innate Abilities, Weirdness & Mutations

You are very small and have problems with some larger weapons.
You are too small for most types of armour.
You have supernaturally acute eyesight. (SInv)
You cover ground extremely quickly. (Speed+++)


   Skills:
 - Level 1.5 Fighting
 - Level 5.0 Ranged Weapons
 + Level 4.7 Dodging
 - Level 1.5 Stealth


You had 3 spell levels left.
You didn't know any spells.
Your spell library was empty.

Inventory:

Hand Weapons
 a - a +0 shortbow of flaming (weapon)
Armour
 c - a +0 robe (worn)
Jewellery
 i - an amulet of guardian spirit (around neck)
Scrolls
 f - a scroll of vulnerability {unknown}
Potions
 b - a potion of cancellation {unknown}
 d - a potion of might
 e - a potion of curing
 g - a potion of mutation {unknown}

Dungeon Overview and Level Annotations

Branches:
Dungeon (3/15)

Altars:


Message History

You shoot an arrow. The arrow hits the bombardier beetle.
The arrow burns the bombardier beetle.
The bombardier beetle is heavily wounded.
You shoot an arrow.
The arrow closely misses the bombardier beetle.
You shoot an arrow.
The arrow hits the bombardier beetle but does no damage.
The bombardier beetle is heavily wounded.
The bombardier beetle sprays incendiary fluid at you.
The burning spray hits you.
You are covered in liquid fire!
You shoot an arrow.
The arrow closely misses the bombardier beetle.
The liquid fire burns you! The bombardier beetle misses you.
You shoot an arrow.
The arrow barely misses the bombardier beetle.
The liquid fire burns you! The bombardier beetle misses you.
You shoot an arrow. The arrow hits the bombardier beetle.
The arrow burns the bombardier beetle.
The bombardier beetle is severely wounded.
The liquid fire burns you!
You shoot an arrow.
The arrow barely misses the bombardier beetle.
The liquid fire burns you! The bombardier beetle misses you.
You shoot an arrow.
The arrow closely misses the bombardier beetle.
The liquid fire burns you!
The bombardier beetle barely misses you.
You shoot an arrow.
The arrow hits the bombardier beetle but does no damage.
The bombardier beetle is severely wounded.
The liquid fire burns you!
You shoot an arrow. The arrow hits the bombardier beetle.
The arrow burns the bombardier beetle.
The bombardier beetle is almost dead.
The liquid fire burns you!
You die...

#.## #.###%# #.##.###.##.#
#....#.###.# #.##.###.##.#
#.......######.##.##...#.#
#..............##.........
##....###..#########...#.#
##.#.# ##.# ##.##.# #.#.#
#.# #..... ..#.####.#
#....# #######.@.#
####%..## ###(..#B.#
##.....#.. #####...####.#
......#..8 ###.....### ..#
#....#.8. # ##...##.## .#
###..#... ###...#..#..# ..
#...#}# #...####.##.# .#
#....## ..###..#..#.. ..
###.### .##....##.##.# #.#
#


You could see a bombardier beetle.

Vanquished Creatures
  2 ribbon worms
  3 dart slugs
  4 orcs (D:3)
  4 ball pythons
  6 bats
  6 endoplasms
  2 giant cockroaches
  9 goblins
  4 hobgoblins
  3 jackals (D:2)
  4 quokkas
  3 frilled lizards
  4 kobolds
  11 rats
65 creatures vanquished.

Notes
Turn   | Place    | Note
-------+----------+-------------------------------------------
     0 | D:1      | qw the Spriggan Hunter began the quest for the Orb.
     0 | D:1      | Reached XP level 1. HP: 10/10 MP: 2/2
     0 | D:1      | 0 ||| qw: Version: 0.3-a-160-g6735b56
     0 | D:1      | 0 ||| qw: Game counter: 4360
     0 | D:1      | 0 ||| qw: Melee chars always use a shield: true
     0 | D:1      | 0 ||| qw: God list: Okawaru
     0 | D:1      | 0 ||| qw: Allow faded altars: false
     0 | D:1      | 0 ||| qw: Do Orc after clearing Dungeon:15 true
     0 | D:1      | 0 ||| qw: Do second Lair branch before Depths: true
     0 | D:1      | 0 ||| qw: Lair rune preference: random
     0 | D:1      | 0 ||| qw: Goals: Normal
     0 | D:1      | 0 ||| PLANNING D:1-11
    13 | D:1      | Reached skill level 3 in Dodging
   240 | D:1      | Reached XP level 2. HP: 14/14 MP: 3/3
   807 | D:1      | Reached XP level 3. HP: 18/18 MP: 4/4
   832 | D:1      | 832 ||| UPGRADING to amulet of guardian spirit.
   837 | D:1      | 837 ||| READING 2 scrolls labelled CONERGHAGOSK.
   838 | D:1      | 838 ||| READING scroll labelled FOCLIL WIJUESOMYO.
   839 | D:1      | 839 ||| READING 2 scrolls labelled VOOKLI DOSOU.
   839 | D:1      | 839 ||| IDENTIFYING bubbling puce potion
   840 | D:1      | 840 ||| READING scroll of identify.
   840 | D:1      | 840 ||| IDENTIFYING sapphire potion
   841 | D:1      | 841 ||| DROPPING scroll of butterflies.
   842 | D:1      | 842 ||| DROPPING scroll of blinking.
  1501 | D:2      | 1501 ||| READING scroll labelled QAOLLUH YCOWK.
  1501 | D:2      | 1501 ||| ENCHANTING +0 shortbow.
  1502 | D:2      | 1502 ||| READING scroll labelled DUTID AQISTROF.
  1506 | D:2      | 1506 ||| READING scroll labelled DEN KINELU YWE.
  1507 | D:2      | 1507 ||| READING scroll labelled TYAFYN XIORIR.
  1507 | D:2      | 1507 ||| BRANDING +0 shortbow.
  1508 | D:2      | 1508 ||| DRINKING 2 green potions.
  1509 | D:2      | 1509 ||| DROPPING potion of degeneration.
  1519 | D:3      | Reached skill level 5 in Ranged Weapons
  1627 | D:3      | Found a faded altar of an unknown god.
  1663 | D:3      | Reached XP level 4. HP: 22/22 MP: 5/5
  1889 | D:3      | HP: 3/22 [burnt (5)]
  1890 | D:3      | HP: 1/22 [burnt (2)]
  1891 | D:3      | Incinerated by a bombardier beetle

Levels and vault maps discovered:
D:1:      dpeg_arrival_ratfight, layout_loops_corners
D:2:      layout_loops_ring, minivault_23
D:3:      minmay_skewed_foursquare, layout_loops_ring, jmf_multi_god_temple2,
          shapermc_ecumenical_altar_venn, minmay_divided_ellipse

Skill      XL: |  1  2  3 |
---------------+----------+-----
Dodging        | 3 4 |  4.7
Ranged Weapons | 5 |  5.0
Fighting       | |  1.5
Stealth        | |  1.5

Action                     |  1- 3 |  4- 6 || total
---------------------------+-------+-------++-------
   Fire: Shortbow          |   130 |    48 ||   178
    Use: Scroll            |     8 |       ||     8
         Potion            |     1 |       ||     1
 Armour: Robe              |    15 |     6 ||    21
  Dodge: Dodged            |    35 |    16 ||    51

Table legend:
 A = Non-vault XP
 B = Vault XP
 C = Vault XP percentage of total XP
 D = Non-vault monster count
 E = Vault monster count
 F = Vault count percentage of total count
                 A         B        C        D         E       F
            +---------+---------+-------+---------+---------+-------
      Total |     111 |      13 |  10.5 |      55 |      10 |  15.4
            +---------+---------+-------+---------+---------+-------
        D:1 |      39 |       5 |  11.4 |      21 |       5 |  19.2
        D:2 |      39 |       0 |   0.0 |      19 |       0 |   0.0
        D:3 |      33 |       8 |  19.5 |      15 |       5 |  25.0
            +---------+---------+-------+---------+---------+-------
